General information
			
			
        
        - name: BNet
 
        - type: Ladder team game (AT/RT)
 
        - host: Battle.net
 
        - saver: timEgsilentE
 
        
map: Slalom 
        - players: 8
 
        - length: 21:41
 
        - speed: Fast
 - version: 1.22 W3XP
 - replay type:  Public
 
» download(244 KB)
Players
        team 1 (loser) 
              
              
beli (
pink | 139 APM | 3008 actions | 21:39)
              
 4 Tauren Chieftain 
 2 Shockwave
 2 Endurance Aura
 3 Pandaren Brewmaster 
 2 Breath of Fire
 1 Drunken Haze
 
                » actions 
                
                | Assign group hotkey | 95 |  | 
| Basic commands | 84 |  | 
| Build / train | 93 |  | 
| ESC pressed | 4 |  | 
| Enter build submenu | 18 |  | 
| Enter hero's abilities submenu | 8 |  | 
| Give item / drop item | 2 |  | 
| Right click | 775 |  | 
| Select / deselect | 675 |  | 
| Select group hotkey | 1176 |  | 
| Use ability | 78 |  | 
                3008 total
 » units 
                
                | Peon | 29 |  | 
| Grunt | 7 |  | 
| Troll Batrider | 13 |  | 
| Shaman | 4 |  | 
| Troll Witch Doctor | 4 |  | 
| Kodo Beast | 1 |  | 
                58 total
 » upgrades
                
                | Shaman Training | 2 |  | 
| Liquid Fire | 1 |  | 
| Witch Doctor Training | 2 |  | 
| Reinforced Defenses | 1 |  | 
| War Drums Damage Increase | 1 |  | 
                7 total
 » buildings
                
                | Altar of Storms | 1 |  | 
| Orc Burrow | 6 |  | 
| Barracks | 1 |  | 
| Voodoo Lounge | 1 |  | 
| Great Hall | 4 |  | 
| Stronghold | 2 |  | 
| War Mill | 1 |  | 
| Beastiary | 2 |  | 
| Fortress | 1 |  | 
| Spirit Lodge | 2 |  | 
                21 total
 » build order
                00:08 Altar of Storms
00:20 Orc Burrow
00:35 Barracks
01:32 Orc Burrow
01:59 Voodoo Lounge
03:57 Great Hall
04:20 Stronghold
04:52 War Mill
04:56 Orc Burrow
07:03 Great Hall
07:10 Beastiary
07:11 Beastiary
09:12 Fortress
09:50 Orc Burrow
10:03 Spirit Lodge
10:07 Orc Burrow
11:57 Great Hall
14:04 Great Hall
16:23 Spirit Lodge
16:53 Orc Burrow
» items
                
                | Potion of Healing | 1 |  | 
| Orb of Lightning | 1 |  | 
| Scroll of Town Portal | 1 |  | 
| Scroll of Healing | 2 |  | 
                5 total
  
               
              
              
» 
DASOCKBANDIT (
yellow | 113 APM | 2442 actions | 21:33)
              
 6 Priestess of the Moon 
 2 Searing Arrows
 3 Trueshot Aura
 1 Starfall
 
                » actions 
                
                | Assign group hotkey | 23 |  | 
| Build / train | 74 |  | 
| ESC pressed | 2 |  | 
| Enter build submenu | 18 |  | 
| Enter hero's abilities submenu | 7 |  | 
| Give item / drop item | 1 |  | 
| Remove unit from queue | 1 |  | 
| Right click | 1057 |  | 
| Select / deselect | 526 |  | 
| Select group hotkey | 667 |  | 
| Use ability | 66 |  | 
                2442 total
 » units 
                
                | Wisp | 30 |  | 
| Hippogryph | 6 |  | 
| Chimaera | 8 |  | 
| Druid of the Talon | 1 |  | 
                45 total
 » upgrades
                
                | Strength of the Wild | 3 |  | 
| Reinforced Hides | 3 |  | 
| Corrosive Breath | 1 |  | 
| Well Spring | 1 |  | 
                8 total
 » buildings
                
                | Altar of Elders | 1 |  | 
| Moon Well | 7 |  | 
| Tree of Ages | 4 |  | 
| Hunter's Hall | 1 |  | 
| Ancient of War | 1 |  | 
| Tree of Life | 4 |  | 
| Tree of Eternity | 5 |  | 
| Ancient of Wind | 1 |  | 
| Chimaera Roost | 3 |  | 
                27 total
 » build order
                00:05 Altar of Elders
00:22 Moon Well
02:24 Moon Well
02:26 Tree of Ages
02:26 Tree of Ages
02:27 Tree of Ages
02:49 Hunter's Hall
02:51 Moon Well
03:45 Moon Well
04:00 Ancient of War
04:24 Moon Well
04:43 Tree of Life
04:55 Tree of Eternity
04:55 Tree of Eternity
04:55 Tree of Eternity
05:09 Tree of Life
05:51 Ancient of Wind
07:27 Chimaera Roost
07:58 Chimaera Roost
08:40 Chimaera Roost
09:55 Moon Well
12:13 Tree of Life
13:31 Tree of Life
18:05 Moon Well
» items
                
                | Scroll of Protection | 1 |  | 
| Scroll of Healing | 1 |  | 
                2 total
  
               
              
              
» 
MoScrilla (
green | 104 APM | 2249 actions | 21:36)
              
 3 Archmage 
 2 Summon Water Elemental
 1 Brilliance Aura
 2 Mountain King 
 1 Storm Bolt
 1 Bash
 3 Paladin 
 2 Holy Light
 1 Divine Shield
 
                » actions 
                
                | Assign group hotkey | 37 |  | 
| Basic commands | 58 |  | 
| Build / train | 123 |  | 
| ESC pressed | 4 |  | 
| Enter build submenu | 54 |  | 
| Enter hero's abilities submenu | 8 |  | 
| Give item / drop item | 1 |  | 
| Right click | 824 |  | 
| Select / deselect | 332 |  | 
| Select group hotkey | 706 |  | 
| Use ability | 102 |  | 
                2249 total
 » units 
                
                | Peasant | 36 |  | 
| Footman | 7 |  | 
| Priest | 6 |  | 
| Gryphon Rider | 16 |  | 
                65 total
 » upgrades
                
                | Masonry | 2 |  | 
| Lumber Harvesting | 1 |  | 
| Priest Training | 2 |  | 
| Storm Hammers | 1 |  | 
| Swords | 3 |  | 
| Armor | 3 |  | 
| Animal War Training | 1 |  | 
| Magic Sentry | 1 |  | 
                14 total
 » buildings
                
                | Altar of Kings | 1 |  | 
| Barracks | 1 |  | 
| Farm | 10 |  | 
| Town Hall | 3 |  | 
| Keep | 3 |  | 
| Scout Tower | 37 |  | 
| Lumber Mill | 1 |  | 
| Arcane Tower | 4 |  | 
| Guard Tower | 7 |  | 
| Castle | 1 |  | 
| Arcane Sanctum | 3 |  | 
| Gryphon Aviary | 3 |  | 
| Blacksmith | 1 |  | 
| Arcane Vault | 1 |  | 
                76 total
 » build order
                00:09 Altar of Kings
00:22 Barracks
00:37 Farm
01:07 Farm
01:37 Farm
02:46 Farm
03:15 Town Hall
04:42 Keep
04:42 Keep
04:43 Scout Tower
04:50 Lumber Mill
05:05 Scout Tower
05:16 Arcane Tower
05:16 Arcane Tower
05:59 Scout Tower
05:59 Scout Tower
06:09 Scout Tower
06:44 Guard Tower
06:47 Arcane Tower
06:48 Arcane Tower
07:16 Castle
07:24 Arcane Sanctum
07:25 Arcane Sanctum
07:26 Arcane Sanctum
08:04 Gryphon Aviary
08:05 Gryphon Aviary
08:06 Gryphon Aviary
08:25 Farm
08:26 Farm
08:27 Farm
08:29 Farm
09:17 Scout Tower
09:18 Scout Tower
09:28 Blacksmith
09:34 Scout Tower
09:35 Scout Tower
09:37 Scout Tower
11:22 Farm
11:34 Arcane Vault
13:01 Scout Tower
13:01 Scout Tower
13:02 Scout Tower
14:00 Guard Tower
14:10 Scout Tower
14:10 Scout Tower
14:10 Scout Tower
14:11 Scout Tower
14:12 Scout Tower
14:13 Scout Tower
14:14 Scout Tower
14:28 Guard Tower
14:33 Guard Tower
14:39 Guard Tower
14:47 Guard Tower
15:06 Town Hall
15:09 Guard Tower
15:14 Town Hall
15:26 Farm
20:02 Scout Tower
20:03 Scout Tower
20:04 Scout Tower
20:05 Scout Tower
20:06 Scout Tower
20:07 Scout Tower
20:07 Scout Tower
20:08 Scout Tower
20:08 Scout Tower
20:09 Scout Tower
20:10 Scout Tower
20:12 Scout Tower
20:13 Scout Tower
20:13 Scout Tower
20:14 Scout Tower
20:15 Scout Tower
» items
                
                | Healing Salve | 2 |  | 
| Scroll of Healing | 1 |  | 
| Scroll of Town Portal | 2 |  | 
| Staff of Sanctuary | 1 |  | 
                6 total
  
               
              
              
PAX (
red | 78 APM | 1658 actions | 21:21)
              
 3 Dark Ranger 
 2 Black Arrow
 1 Silence
 1 Pandaren Brewmaster 
 1 Breath of Fire
 
                » actions 
                
                | Assign group hotkey | 79 |  | 
| Basic commands | 2 |  | 
| Build / train | 62 |  | 
| ESC pressed | 7 |  | 
| Enter build submenu | 23 |  | 
| Enter hero's abilities submenu | 4 |  | 
| Right click | 875 |  | 
| Select / deselect | 203 |  | 
| Select group hotkey | 358 |  | 
| Use ability | 45 |  | 
                1658 total
 » units 
                
                | Peasant | 21 |  | 
| Siege Engine | 1 |  | 
| Mortar Team | 11 |  | 
| Spell Breaker | 3 |  | 
                36 total
 » upgrades
                
                | Masonry | 3 |  | 
| Lumber Harvesting | 2 |  | 
| Gunpowder | 2 |  | 
| Barrage | 1 |  | 
| Fragmentation Shards | 1 |  | 
| Flare | 1 |  | 
| Control Magic | 1 |  | 
| Priest Training | 2 |  | 
| Plating | 1 |  | 
| Animal War Training | 1 |  | 
                15 total
 » buildings
                
                | Farm | 11 |  | 
| Altar of Kings | 1 |  | 
| Keep | 1 |  | 
| Lumber Mill | 2 |  | 
| Arcane Vault | 2 |  | 
| Blacksmith | 1 |  | 
| Castle | 1 |  | 
| Workshop | 3 |  | 
| Arcane Sanctum | 2 |  | 
| Town Hall | 1 |  | 
| Barracks | 4 |  | 
                29 total
 » build order
                00:21 Farm
00:24 Altar of Kings
00:35 Farm
02:02 Farm
04:10 Keep
05:05 Lumber Mill
05:14 Arcane Vault
06:12 Blacksmith
06:33 Castle
07:33 Workshop
07:33 Workshop
07:34 Workshop
07:41 Farm
07:42 Farm
07:44 Farm
09:41 Farm
09:42 Farm
09:43 Farm
12:07 Farm
12:08 Farm
12:24 Arcane Sanctum
13:53 Arcane Sanctum
14:13 Arcane Vault
14:34 Town Hall
15:22 Lumber Mill
18:43 Barracks
18:44 Barracks
18:46 Barracks
18:48 Barracks
» items
                
                | Healing Salve | 1 |  | 
| Scroll of Town Portal | 1 |  | 
                2 total
  
               team 2 (winner) 
              
              
298739283939208 (
orange | 99 APM | 2152 actions | 21:40)
              
 4 Warden 
 2 Shadow Strike
 1 Blink
 1 Fan of Knives
 
                » actions 
                
                | Assign group hotkey | 45 |  | 
| Build / train | 81 |  | 
| Enter build submenu | 22 |  | 
| Enter hero's abilities submenu | 4 |  | 
| Give item / drop item | 2 |  | 
| Remove unit from queue | 2 |  | 
| Right click | 780 |  | 
| Select / deselect | 302 |  | 
| Select group hotkey | 844 |  | 
| Use ability | 69 |  | 
                2152 total
 » units 
                » upgrades
                
                | Strength of the Wild | 2 |  | 
| Reinforced Hides | 1 |  | 
| Ultravision | 1 |  | 
                4 total
 » buildings
                
                | Altar of Elders | 1 |  | 
| Moon Well | 8 |  | 
| Tree of Life | 7 |  | 
| Tree of Ages | 1 |  | 
| Hunter's Hall | 1 |  | 
| Ancient of Wind | 4 |  | 
                22 total
 » build order
                00:15 Altar of Elders
00:22 Moon Well
04:21 Tree of Life
05:47 Tree of Life
06:16 Tree of Life
09:54 Tree of Life
12:49 Tree of Ages
14:05 Moon Well
14:09 Moon Well
14:10 Moon Well
14:12 Moon Well
15:08 Hunter's Hall
15:14 Ancient of Wind
15:16 Ancient of Wind
15:18 Ancient of Wind
15:22 Ancient of Wind
17:44 Moon Well
17:46 Moon Well
17:55 Moon Well
18:40 Tree of Life
19:08 Tree of Life
19:59 Tree of Life
» items
                
                | Boots of Speed | 1 |  | 
| Staff of Teleportation | 1 |  | 
| Scroll of Speed | 2 |  | 
| Scroll of Town Portal | 1 |  | 
| Potion of Healing | 2 |  | 
| Lesser Clarity Potion | 1 |  | 
| Healing Salve | 1 |  | 
| Scroll of Protection | 1 |  | 
| Scroll of Healing | 1 |  | 
| Potion of Lesser Invulnerability | 1 |  | 
                12 total
  
               
              
              
GODIEPLZ (
teal | 103 APM | 2234 actions | 21:40)
              
 4 Death Knight 
 2 Death Coil
 2 Unholy Aura
 2 Lich 
 1 Frost Nova
 1 Dark Ritual
 2 Dreadlord 
 1 Sleep
 1 Carrion Swarm
 
                » actions 
                
                | Assign group hotkey | 21 |  | 
| Basic commands | 166 |  | 
| Build / train | 45 |  | 
| ESC pressed | 1 |  | 
| Enter build submenu | 18 |  | 
| Enter hero's abilities submenu | 9 |  | 
| Right click | 1023 |  | 
| Select / deselect | 332 |  | 
| Select group hotkey | 536 |  | 
| Use ability | 82 |  | 
                2234 total
 » units 
                
                | Acolyte | 2 |  | 
| Ghoul | 2 |  | 
| Crypt Fiend | 6 |  | 
| Frost Wyrm | 5 |  | 
                15 total
 » upgrades
                
                | Creature Attack | 3 |  | 
| Web | 1 |  | 
| Creature Carapace | 3 |  | 
                7 total
 » buildings
                
                | Crypt | 1 |  | 
| Graveyard | 1 |  | 
| Altar of Darkness | 1 |  | 
| Ziggurat | 10 |  | 
| Tomb of Relics | 1 |  | 
| Halls of the Dead | 4 |  | 
| Black Citadel | 1 |  | 
| Sacrificial Pit | 1 |  | 
| Boneyard | 3 |  | 
| Spirit Tower | 1 |  | 
                24 total
 » build order
                00:06 Crypt
00:21 Graveyard
00:40 Altar of Darkness
00:51 Ziggurat
01:11 Tomb of Relics
01:32 Ziggurat
02:14 Halls of the Dead
02:15 Halls of the Dead
02:15 Halls of the Dead
02:58 Ziggurat
04:30 Ziggurat
04:47 Black Citadel
05:25 Sacrificial Pit
05:34 Ziggurat
07:28 Boneyard
07:33 Boneyard
07:38 Boneyard
08:56 Ziggurat
09:00 Ziggurat
09:33 Spirit Tower
14:22 Ziggurat
14:24 Ziggurat
16:36 Ziggurat
» items
                
                | Rod of Necromancy | 1 |  | 
| Potion of Mana | 2 |  | 
| Scroll of Town Portal | 1 |  | 
| Orb of Corruption | 1 |  | 
| Lesser Clarity Potion | 1 |  | 
                6 total
  
               
              
              
LikeAGentlemen (
blue | 77 APM | 1668 actions | 21:40)
              
 5 Blademaster 
 3 Wind Walk
 2 Critical Strike
 
                » actions 
                
                | Assign group hotkey | 128 |  | 
| Basic commands | 6 |  | 
| Build / train | 64 |  | 
| Enter build submenu | 16 |  | 
| Enter hero's abilities submenu | 5 |  | 
| Remove unit from queue | 2 |  | 
| Right click | 785 |  | 
| Select / deselect | 222 |  | 
| Select group hotkey | 361 |  | 
| Use ability | 79 |  | 
                1668 total
 » units 
                » buildings
                
                | Altar of Storms | 1 |  | 
| Orc Burrow | 7 |  | 
| Voodoo Lounge | 1 |  | 
| War Mill | 1 |  | 
| Stronghold | 1 |  | 
| Beastiary | 4 |  | 
                15 total
 » build order
                00:07 Altar of Storms
00:20 Orc Burrow
00:37 Voodoo Lounge
11:29 War Mill
12:17 Stronghold
14:23 Orc Burrow
14:24 Orc Burrow
14:25 Orc Burrow
14:26 Orc Burrow
14:28 Orc Burrow
14:41 Beastiary
14:41 Beastiary
14:44 Beastiary
15:54 Orc Burrow
16:52 Beastiary
» items
                
                | Healing Salve | 1 |  | 
| Lesser Clarity Potion | 3 |  | 
| Tiny Great Hall | 2 |  | 
| Orb of Lightning | 1 |  | 
| Boots of Speed | 1 |  | 
| Staff of Teleportation | 4 |  | 
| Scroll of Town Portal | 1 |  | 
                13 total
  
               
              
              
timEgsilentE (
purple | 172 APM | 3729 actions | 21:41)
              
 5 Shadow Hunter 
 2 Hex
 3 Healing Wave
 4 Tauren Chieftain 
 2 Endurance Aura
 2 Shockwave
 
                » actions 
                
                | Assign group hotkey | 33 |  | 
| Basic commands | 157 |  | 
| Build / train | 68 |  | 
| ESC pressed | 3 |  | 
| Enter build submenu | 21 |  | 
| Enter hero's abilities submenu | 9 |  | 
| Give item / drop item | 2 |  | 
| Right click | 1270 |  | 
| Select / deselect | 172 |  | 
| Select group hotkey | 1892 |  | 
| Use ability | 102 |  | 
                3729 total
 » units 
                
                | Peon | 8 |  | 
| Grunt | 4 |  | 
| Kodo Beast | 1 |  | 
| Shaman | 4 |  | 
| Troll Witch Doctor | 2 |  | 
| Tauren | 3 |  | 
| Troll Batrider | 13 |  | 
                35 total
 » upgrades
                
                | Shaman Training | 2 |  | 
| Witch Doctor Training | 2 |  | 
| War Drums Damage Increase | 1 |  | 
| Reinforced Defenses | 1 |  | 
| Armor | 2 |  | 
| Pulverize | 1 |  | 
| Pillage | 1 |  | 
| Spiked Barricades | 1 |  | 
| Liquid Fire | 1 |  | 
                12 total
 » buildings
                
                | Altar of Storms | 1 |  | 
| Orc Burrow | 9 |  | 
| Barracks | 1 |  | 
| Stronghold | 3 |  | 
| Voodoo Lounge | 3 |  | 
| Fortress | 1 |  | 
| War Mill | 1 |  | 
| Spirit Lodge | 2 |  | 
| Beastiary | 1 |  | 
| Tauren Totem | 2 |  | 
                24 total
 » build order
                00:03 Altar of Storms
00:18 Orc Burrow
00:41 Barracks
01:21 Orc Burrow
02:11 Stronghold
02:34 Orc Burrow
02:37 Voodoo Lounge
04:13 Orc Burrow
04:35 Fortress
04:37 War Mill
04:42 Spirit Lodge
04:44 Spirit Lodge
05:05 Beastiary
05:36 Orc Burrow
05:38 Orc Burrow
05:39 Orc Burrow
07:01 Tauren Totem
07:01 Tauren Totem
11:45 Voodoo Lounge
11:47 Voodoo Lounge
15:21 Orc Burrow
15:26 Orc Burrow
» items
                
                | Scroll of Town Portal | 1 |  | 
| Lesser Clarity Potion | 1 |  | 
| Potion of Healing | 1 |  | 
| Orb of Lightning | 1 |  | 
                4 total
  
                Chat log
          (00:07 / All) timEgsilentE: yo cool mike
(00:08 / All) 298739283939208: COOLMIKE IN THE MIDDLE
(00:11 / All) timEgsilentE: i heard you're still angry
(00:14 / All) timEgsilentE: about when i used to troll 4v4
(00:15 / All) DASOCKBANDIT: im not angry at all
(00:21 / All) timEgsilentE: back in clan lljk
(00:23 / All) timEgsilentE: man
(00:26 / All) timEgsilentE: that was like 15 years ago
(00:29 / All) LikeAGentlemen: gl hf
(00:30 / All) timEgsilentE: why are you still angry.
(00:32 / All) 298739283939208: MANNER GAME
(00:35 / All) DASOCKBANDIT: about what?
(00:41 / All) 298739283939208: GG GL 
(00:46 / All) timEgsilentE: i don't know, me trolling you
(00:58 / All) DASOCKBANDIT: im lost
(01:05 / All) timEgsilentE: ?
(01:14 / Allies) GODIEPLZ: alex all silent
(01:15 / Allies) GODIEPLZ: lol
(01:16 / All) timEgsilentE: its a game relax have some fun
(01:26 / All) 298739283939208: china has 40 golds
(01:28 / All) 298739283939208: thoughts?
(01:29 / All) timEgsilentE: gg and gl and have somefun out there boys
(01:42 / All) GODIEPLZ: Nastia Liukin soviet spy?
(01:50 / All) 298739283939208: hot russian
(02:02 / All) timEgsilentE: i'd give her a floor exercise if you know what i mean.......
(02:04 / All) 298739283939208: THE SPY WHO LOVED ME
(03:45 / All) PAX: yeah you dont hack lol
(03:53 / All) 298739283939208: yeah we check expos rofle
(04:04 / All) timEgsilentE: this game has been out for like 6 years sorry people know the basic creeping patterns
(04:17 / All) PAX: thats not a basic creep pattern
(04:21 / All) PAX: considering its not a common map
(04:24 / All) timEgsilentE: is like when you catch a human fast expanding on echo isles and he cries mh
(04:25 / All) 298739283939208: K
(04:26 / All) 298739283939208: LOL
(04:30 / All) 298739283939208: WE PLAY 4S
(04:41 / All) PAX: you ping expos too
(04:43 / All) 298739283939208: AND DONT EXPO LOL
(04:48 / All) 298739283939208: TO CHECK THEM?
(04:52 / All) timEgsilentE: yeah "check that *ping"
(05:07 / All) PAX: nah
(05:18 / All) 298739283939208: shut up
(05:21 / All) PAX: no you nigger
(05:30 / All) 298739283939208: go play with other people
(05:39 / All) 298739283939208: and stop complaining
(05:39 / All) PAX: go play with your testicoles
(05:50 / All) timEgsilentE: testicoles
(05:57 / All) PAX: not complaining i believe im stating the fact that your a hacker
(06:04 / All) 298739283939208: K
(06:08 / All) 298739283939208: YOU'RE A HACKER
(06:09 / All) timEgsilentE: lmao
(06:18 / All) PAX: your funny
(06:23 / All) PAX: lets laugh like morons
(06:24 / All) 298739283939208: YOU'RE FUNNY
(06:32 / All) PAX: LOL
(06:36 / All) GODIEPLZ: Impressive.
(06:39 / All) GODIEPLZ: x_X!
(07:13 / All) 298739283939208: nice hack
(09:34 / All) 298739283939208: IS PAX ARCANIS_809?
(10:03 / All) 298739283939208: PAX NO TALK
(10:05 / All) 298739283939208: ANYMORE
(11:15 / All) PAX: TALONS IS PRO RIGHT CLICKER
(11:22 / All) PAX: CONGRATS YOU GRADUATED
(11:24 / All) GODIEPLZ: attack +  a
(11:27 / All) 298739283939208: shut the fuck up pax
(11:40 / All) PAX: EITHER WAY
(11:48 / All) 298739283939208: YOU SUCK
(11:57 / All) PAX: you have like 32 apm while making units
(11:59 / All) PAX: so you can shut up
(12:08 / All) 298739283939208: 32 APM BEATING YOU
(12:10 / All) 298739283939208: MUST BE SKILLED
(12:12 / All) PAX: no
(12:19 / All) PAX: 32 apm while losing badly
(12:33 / All) 298739283939208: k mr if you check my expo you must mh rofle
(12:41 / All) PAX: ?
(12:48 / All) PAX: that statement didnt make sense
(13:02 / All) 298739283939208: too small a brain to comprehend?
(13:11 / All) PAX: no bad english
(13:16 / All) PAX: makes it hard to understand
(13:20 / All) 298739283939208: here let me make it simple for you
(13:24 / All) 298739283939208: 1 i check expo
(13:27 / All) 298739283939208: 2 you call mh
(13:28 / All) 298739283939208: 3 rofle
(14:02 / All) PAX: LOL
(21:32 / All) DASOCKBANDIT: for loraderon
(21:32 / All) DASOCKBANDIT: gg